Description

Harstem's fast third build. Goes WG first into fast third off single oracle. Typically a blink stalker or glaive adept transition into a stalker/chargelot/immortal/archon army.

Replay - DRG v Harstem: Game 1 - Gresvan LE

Build Order

Get SALT Encoding   

  12  0:00  Probe  
  13  0:12  Probe  
  14  0:17  Pylon  
  14  0:24  Probe (Chrono Boost)  
  15  0:36  Probe (Chrono Boost)  
  15  0:38  Gateway  
  16  0:44  Probe (Chrono Boost)  
  16  0:46  Assimilator  
  17  0:51  Probe  
  18  1:03  Probe  
  19  1:15  Probe  
  20  1:23  Nexus  
  20  1:32  Cybernetics Core  
  20  1:38  Probe  
  21  1:43  Assimilator  
  21  1:50  Probe  
  21  1:51  Pylon  
  22  2:07  Adept (Chrono Boost)  
  23  2:08  Warp Gate  
  26  2:29  Adept  
  29  2:37  Stargate  
  33  3:00  Nexus  
  35  3:09  Assimilator  
  35  3:18  Pylon  
  37  3:20  Oracle (Chrono Boost)  
  41  3:31  Gateway  
  42  3:40  Twilight Council  
  45  3:56  Gateway x2  
  46  4:05  Adept  
  49  4:10  Resonating Glaives (Chrono Boost)  
  50  4:23  Pylon  
  52  4:25  Stalker  
  52  4:27  Adept  
  59  4:34  Pylon, Oracle (Chrono Boost)  
  65  4:53  Adept x4  
  76  5:13  Adept x2  
  87  5:25  Forge  
  89  5:31  Assimilator  
  87  5:44  Stalker x4, Blink (Chrono Boost)  
  87  5:49  Protoss Ground Weapons Level 1 (Chrono Boost)  
  95  6:09  Assimilator x2  
  97  6:17  Gateway x2  
  98  6:20  Shield Battery  
  98  6:21  Templar Archives  
  98  6:24  Stalker x2  
  104  6:43  Nexus  
  104  6:45  Robotics Facility  
  104  6:56  Stalker x3  
  104  7:02  Phoenix (Chrono Boost)  
  104  7:05  Shield Battery x2  
  99  7:09  Gateway x2  
  104  7:29  Phoenix  
  107  7:36  Immortal (Chrono Boost)  
  116  7:45  Psionic Storm  
  116  7:47  Sentry  
  116  7:49  Photon Cannon  
  116  7:50  Shield Battery, Protoss Ground Weapons Level 2 (Chrono Boost)  
  128  8:16  Assimilator x2  
  129  8:22  High Templar x2  
  129  8:25  Gateway x2  
  133  8:27  Photon Cannon x2  
  133  8:33  High Templar  
  136  8:38  Photon Cannon  
  137  8:43  Charge (Chrono Boost)  
  137  8:44  Warp Prism (Chrono Boost), High Templar  
  142  8:57  High Templar  
  151  9:05  Photon Cannon x2  
  151  9:09  Shield Battery  
  153  9:10  Immortal (Chrono Boost)  
  163  9:31  Archon  
  161  9:36  Archon  
  161  9:38  Zealot x4  
  156  9:44  Zealot x4, Photon Cannon  
  153  9:53  Protoss Ground Weapons Level 3 (Chrono Boost)  
Spawning Tool Build Advisor. Get it on Overwolf

Go to:

Details

  • Created by: stegosaurus
  • Published on: Jul 02, 2023
  • Modified on: Jul 02, 2023
  • Patch: 5.0.11
  • Difficulty: Hard
Show
View Real Time Build Order
Export as new Build Order

Comments (0)

There are no comments. Be the first!

Create an account to comment!